 Dungeon Crawl Stone Soup version 0.22.1-1-ga44c0e5 (webtiles) character file.

16142 teukkam the Fighter (level 12, 0/169 HPs)
             Began as a Minotaur Berserker on Oct 31, 2018.
             Was the Champion of Trog.
             Succumbed to a spiny frog's poison
             ... on level 2 of the Lair of Beasts.
             The game lasted 00:58:25 (12822 turns).

teukkam the Fighter (Minotaur Berserker)           Turns: 12822, Time: 00:58:26

Health: 0/169      AC: 11    Str: 29    XL:     12   Next: 7%
Magic:  11/11      EV: 10    Int:  4    God:    Trog [******]
Gold:   655        SH:  9    Dex: 16    Spells: 11/11 levels left

rFire    . . .     SeeInvis .   a - +3 scimitar (flame)
rCold    . . .     Gourm    .   r - +1 buckler
rNeg     . . .     Faith    .   w - +0 chain mail
rPois    .         Spirit   .   (helmet unavailable)
rElec    .         Reflect  +   u - scarf {cloud immunity}
rCorr    .         Harm     .   (no gloves)
MR       .....                  (no boots)
Stlth    ..........             P - +3 amulet of reflection
HPRegen  0.38/turn              f - +4 ring of slaying
MPRegen  0.12/turn              y - +3 ring of dexterity

@: berserking (expiring), lethally poisoned (0 -> -1), very quick
A: retaliatory headbutt, horns 3, mutation resistance 1
a: Berserk, Trog's Hand, Brothers in Arms, Renounce Religion


You were on level 2 of the Lair of Beasts.
You worshipped Trog.
Trog was exalted by your worship.
You were not hungry.

You visited 2 branches of the dungeon, and saw 13 of its levels.

You collected 655 gold pieces.

Inventory:

Hand Weapons
 a - a +3 scimitar of flaming (weapon)
 b - a +0 hand crossbow of flaming
 A - a +0 shortbow
 R - a +2 hunting sling of freezing
 S - a +0 blowgun
 X - a +3 great sword
 Z - the +5 mace "Maqotoh" {antimagic, SInv}
   (You found it on level 1 of the Lair of Beasts)

   It reduces the magical energy of the wielder, and disrupts the spells and
   magical abilities of those hit.
   Natural abilities and divine invocations are not affected.
   It lets you see invisible.
Missiles
 g - 288 arrows
 k - 3 throwing nets
 l - 236 sling bullets
 n - 8 needles of frenzy
 o - 187 stones (quivered)
 p - 22 poisoned needles
 q - 16 bolts
 G - 19 tomahawks
 T - 3 curare-tipped needles
Armour
 r - a +1 buckler (worn)
 u - a scarf of cloud immunity (worn)
 w - a +0 chain mail (worn)
 N - the +0 robe of the Hall of Blades {rElec Stlth+}
   (You found it on level 9 of the Dungeon)

   It insulates you from electricity.
   It makes you more stealthy.
 W - a scarf of repulsion
Magical Staves
 H - an uncursed staff of air
Jewellery
 f - a +4 ring of slaying (left hand)
 y - a +3 ring of dexterity (right hand)
 P - a +3 amulet of reflection (around neck)
 V - an uncursed amulet of the gourmand
Wands
 z - a wand of flame (52)
 B - a wand of paralysis (18)
 M - a wand of acid (7)
 Q - a wand of enslavement (17)
 U - a wand of polymorph (14)
Scrolls
 d - a scroll of enchant weapon
 e - 3 scrolls of remove curse
 i - 12 scrolls of identify
 j - a scroll of fear
 m - 4 scrolls of teleportation
 C - a scroll of fog
 D - 2 scrolls of random uselessness {unknown}
 I - a scroll of summoning {unknown}
Potions
 h - 2 potions of haste
 s - 3 potions of curing
 t - a potion of resistance {unknown}
 v - a potion of mutation
 x - 2 potions of agility {unknown}
 J - 2 potions of lignification {unknown}
Miscellaneous
 F - a fan of gales
Comestibles
 c - 17 rations
 E - 2 chunks of flesh


   Skills:
 + Level 12.9 Fighting
 + Level 7.3 Long Blades
   Level 9.6 Axes
 - Level 10.4 Slings
 + Level 4.5 Crossbows
 + Level 9.6 Armour
 - Level 2.1 Dodging
 + Level 4.8 Shields


You had 11 spell levels left.
You didn't know any spells.
Your spell library contained the following spells:

 Spells                   Type           Power        Failure   Level  Hunger
 Confusing Touch          Hex            #.....       93%         1    ##.....
 Confuse                  Hex            #.......     100%        3    ####...
 Gell's Gravitas          Tloc           #.........   100%        3    ####...
 Cause Fear               Hex            #.........   100%        4    #####..
 Petrify                  Tmut/Erth      #.......     100%        4    #####..
 Metabolic Englaciation   Hex/Ice        #.........   100%        5    ######.
 Silence                  Hex/Air        #.........   100%        5    ######.
 Yara's Violent Unravell  Hex/Tmut       #.........   100%        5    ######.
 Deflect Missiles         Chrm/Air       #.........   100%        6    #######
 Discord                  Hex            #.........   100%        8    #######


Dungeon Overview and Level Annotations

Branches:
Dungeon (11/15)            Temple (0/1) D:7            Lair (2/6) D:8
  Swamp: Lair:2-4    Shoals: Lair:2-4     Snake: Lair:2-4    Spider: Lair:2-4
    Orc: D:9-12

Altars:
Elyvilon
Gozag
Hepliaklqana
Kikubaaqudgha
Nemelex Xobeh
Okawaru
Qazlal
Ru
Trog
Xom
Yredelemnul
Zin
The Shining One

Shops:
D:4 (   D:6 [   D:8 ?

Annotations:
D:9 1 runed door
Lair:1 exclusion: oklob plant


Innate Abilities, Weirdness & Mutations

You reflexively headbutt those who attack you in melee.
You have a pair of large horns on your head.
You are somewhat resistant to further mutation.


Message History

You slice the yak!! You burn the yak.
You kill the yak!
Trog accepts your kill.
You feel sick. You block the yak's attack. The yak gores you.
* * * LOW HITPOINT WARNING * * *
You slice the yak!! You burn the yak!
You kill the yak!
Trog accepts your kill. The yak gores you.
* * * LOW HITPOINT WARNING * * *
You slash the yak! You burn the yak.
The yak is heavily wounded.
You slash the yak! You burn the yak.
The yak is almost dead.
The yak gores you!
* * * LOW HITPOINT WARNING * * *
You slice the yak!! You burn the yak.
You kill the yak!
Trog accepts your kill.
You die...

................ ##
............... .#.#
##............... #...##
#................
......##...[.........<..
........................
...........#.............
............P.............
........†@.†..............
.....$...†††.............#
.Y........#†.#...........#
..........÷###............
...........# #####.....###
...........# ##P.###
....(...##.# ####
...###.##### ##


There were no monsters in sight!

Vanquished Creatures
  Gastronok (D:10)
  A hydra (Lair:2)
  A two-headed ogre (D:9)
  Erica (D:8)
  Pikel (D:7)
  An ugly thing (D:11)
  2 spiny frogs
  2 komodo dragons (Lair:2)
  Prince Ribbit (D:5)
  3 hippogriffs
  A spriggan (D:7)
  6 yaks (Lair:2)
  A wyvern (D:10)
  2 hungry ghosts (D:10)
  A basilisk (Lair:1)
  4 water moccasins
  Duvessa (D:5)
  2 porcupines (Lair:1)
  A black bear (D:10)
  An eye of draining (D:8)
  5 orc warriors
  Purgy (D:3)
  3 sky beasts
  A swamp drake (Lair:1)
  6 ice beasts
  4 slaves (D:7)
  5 necrophages
  7 ogres
  2 centaurs
  13 crocodiles (Lair:1)
  3 big kobolds
  16 bullfrogs
  Blork the orc (D:5)
  A wyvern zombie (D:8)
  A water moccasin zombie (D:7)
  Dowan (D:5)
  5 wights
  4 electric eels
  A howler monkey (D:6)
  3 crimson imps
  6 hounds
  A bullfrog zombie (D:7)
  5 orc priests
  A bullfrog skeleton (D:11)
  11 orc wizards
  Jessica (D:2)
  7 iguanas
  15 worker ants
  2 hound skeletons
  2 worker ant zombies
  12 adders
  4 gnolls (D:5)
  4 shadow imps
  4 adder zombies
  An adder skeleton (D:8)
  4 worms
  2 dart slugs
  19 leopard geckos
  43 orcs
  2 ball pythons
  8 giant cockroaches
  7 goblins
  6 hobgoblins
  26 jackals
  3 quokkas
  13 bats
  9 frilled lizards
  A goblin skeleton (D:9)
  A jackal zombie (D:6)
  24 kobolds
  A quokka skeleton (D:3)
  A quokka zombie (D:9)
  5 rats
  A spectral orc (D:2)
  3 plants
372 creatures vanquished.

Vanquished Creatures (others)
  A human (D:3)
  3 centaurs
  An orc wizard (D:10)
  An adder skeleton (D:8)
  A plant (Lair:1)
7 creatures vanquished.

Grand Total: 379 creatures vanquished

Notes
Turn   | Place    | Note
-------+----------+-------------------------------------------
     0 | D:1      | teukkam the Minotaur Berserker began the quest for the Orb.
     0 | D:1      | Reached XP level 1. HP: 19/19 MP: 0/0
    64 | D:1      | Reached skill level 4 in Fighting
    64 | D:1      | Reached XP level 2. HP: 24/27 MP: 1/1
   409 | D:1      | Reached XP level 3. HP: 34/34 MP: 2/2
   678 | D:2      | Reached ** piety under Trog
   704 | D:2      | Reached skill level 1 in Slings
  1093 | D:2      | Reached XP level 4. HP: 41/41 MP: 3/3
  1096 | D:2      | Noticed Jessica
  1099 | D:2      | Killed Jessica
  1256 | D:2      | Found a sparkling altar of Nemelex Xobeh.
  1259 | D:2      | Reached skill level 5 in Fighting
  1259 | D:2      | Reached skill level 5 in Axes
  1486 | D:2      | Found a basalt altar of Yredelemnul.
  1622 | D:3      | Reached XP level 5. HP: 48/48 MP: 4/4
  1772 | D:3      | Noticed Purgy
  1786 | D:3      | Killed Purgy
  1916 | D:3      | Found an ancient bone altar of Kikubaaqudgha.
  1917 | D:3      | Noticed a human
  1919 | D:3      | Killed a human
  2110 | D:3      | Reached *** piety under Trog
  2139 | D:3      | Reached XP level 6. HP: 56/57 MP: 5/5
  2254 | D:3      | You fall through a shaft for 3 floors!
  2344 | D:6      | Noticed an orc warrior
  2359 | D:6      | Killed an orc warrior
  2359 | D:6      | Reached skill level 6 in Fighting
  2547 | D:5      | Entered Level 5 of the Dungeon
  2547 | D:5      | Noticed Duvessa
  2547 | D:5      | Noticed Dowan
  2579 | D:5      | Found a glowing golden altar of the Shining One.
  2665 | D:5      | Found an opulent altar of Gozag.
  2711 | D:5      | Noticed an ice beast
  2714 | D:5      | Killed an ice beast
  2714 | D:5      | Reached XP level 7. HP: 45/64 MP: 6/6
  3203 | D:4      | Reached skill level 7 in Fighting
  3224 | D:4      | Found Coexytt's Antique Weapon Boutique.
  3434 | D:4      | Reached skill level 5 in Slings
  3598 | D:4      | Found an iron altar of Okawaru.
  3606 | D:4      | Found a bloodstained altar of Trog.
  3878 | D:4      | Received a gift from Trog
  4238 | D:5      | Noticed Blork the orc
  4243 | D:5      | Killed Blork the orc
  4244 | D:5      | Reached XP level 8. HP: 73/73 MP: 7/7
  4355 | D:5      | Killed Dowan
  4386 | D:5      | Killed Duvessa
  4693 | D:5      | Noticed Prince Ribbit
  4699 | D:5      | Killed Prince Ribbit
  4699 | D:5      | Reached **** piety under Trog
  4699 | D:5      | Reached skill level 8 in Fighting
  5498 | D:6      | Received a gift from Trog
  5526 | D:6      | Reached skill level 9 in Fighting
  5540 | D:6      | Reached XP level 9. HP: 83/83 MP: 8/8
  5782 | D:6      | Found Plog's Armour Boutique.
  5849 | D:6      | Found a glowing silver altar of Zin.
  5849 | D:6      | Found a sacrificial altar of Ru.
  7047 | D:7      | Found a staircase to the Ecumenical Temple.
  7260 | D:7      | Reached skill level 10 in Fighting
  7469 | D:7      | Noticed Pikel
  7475 | D:7      | Killed Pikel
  7475 | D:7      | Received a gift from Trog
  7594 | D:7      | Reached skill level 5 in Armour
  7725 | D:8      | Found Pulei's Magic Scroll Boutique.
  7729 | D:8      | Reached XP level 10. HP: 94/94 MP: 9/9
  7812 | D:8      | Found a shimmering altar of Xom.
  7813 | D:8      | Found a shimmering altar of Xom.
  7813 | D:8      | Found a shimmering altar of Xom.
  7814 | D:8      | Found a shimmering altar of Xom.
  7814 | D:8      | Found a shimmering altar of Xom.
  7814 | D:8      | Found a shimmering altar of Xom.
  7814 | D:8      | Found a shimmering altar of Xom.
  8049 | D:9      | Reached ***** piety under Trog
  8149 | D:9      | Found a runed door.
  8153 | D:9      | Found a basalt altar of Yredelemnul.
  8174 | D:9      | Reached skill level 11 in Fighting
  8230 | D:9      | Noticed a two-headed ogre
  8234 | D:9      | Killed a two-headed ogre
  8342 | D:9      | Found a stormy altar of Qazlal.
  8434 | D:9      | Got an opalescent robe
  8452 | D:9      | Identified the +0 robe of the Hall of Blades {rElec Stlth+}
                  | (You found it on level 9 of the Dungeon)
  8505 | D:9      | Found a white marble altar of Elyvilon.
  8533 | D:9      | Found a hazy altar of Hepliaklqana.
  8682 | D:10     | Entered Level 10 of the Dungeon
  9181 | D:10     | Noticed Gastronok
  9190 | D:10     | Killed Gastronok
  9190 | D:10     | Reached skill level 10 in Slings
  9190 | D:10     | Reached XP level 11. HP: 74/104 MP: 10/10
  9621 | D:10     | Reached skill level 12 in Fighting
  9766 | D:10     | Reached skill level 5 in Long Blades
  9954 | D:11     | Noticed a cyan ugly thing
 10019 | D:8      | Received a gift from Trog
 10059 | D:8      | Found a shimmering altar of Xom.
 10086 | D:8      | Found a shimmering altar of Xom.
 10118 | D:8      | Noticed Erica
 10121 | D:8      | Noticed a sea snake
 10121 | D:8      | a cyclops changed into a sea snake
 10126 | D:8      | Killed Erica
 10126 | D:8      | Reached skill level 1 in Crossbows
 10126 | D:8      | Reached skill level 1 in Shields
 10138 | D:8      | Noticed a mana viper
 10139 | D:8      | Noticed a shining eye
 10139 | D:8      | a mana viper changed into a shining eye
 10155 | D:8      | Found a staircase to the Lair.
 10210 | D:8      | Received a gift from Trog
 10521 | D:8      | Noticed a harpy
 10521 | D:8      | a komodo dragon changed into a harpy
 10523 | D:8      | Noticed a shining eye
 10544 | D:8      | a harpy changed into a hornet
 10886 | D:11     | Noticed a cyan ugly thing
 10894 | D:11     | Killed a cyan ugly thing
 10894 | D:11     | Received a gift from Trog
 10939 | D:11     | Noticed a fire dragon
 11352 | D:8      | Noticed a harpy
 11352 | D:8      | a soldier ant changed into a harpy
 11362 | Lair:1   | Entered Level 1 of the Lair of Beasts
 11362 | Lair:1   | Noticed an oklob plant
 11509 | Lair:1   | Gained mutation: You tend to lose your temper in combat.
                  | [potion of mutation]
 11509 | Lair:1   | Gained mutation: You have large cloven feet. [potion of
                  | mutation]
 11510 | Lair:1   | Lost mutation: You tend to lose your temper in combat.
                  | [potion of mutation]
 11510 | Lair:1   | Lost mutation: You have large cloven feet. [potion of
                  | mutation]
 11510 | Lair:1   | Gained mutation: You are somewhat resistant to further
                  | mutation. [potion of mutation]
 11510 | Lair:1   | Gained mutation: You have a pair of large horns on your
                  | head. [potion of mutation]
 11711 | Lair:1   | Got an ancient mace
 11713 | Lair:1   | Identified the +5 mace "Maqotoh" {antimagic, SInv} (You
                  | found it on level 1 of the Lair of Beasts)
 11929 | Lair:1   | Received a gift from Trog
 12112 | Lair:1   | Received a gift from Trog
 12115 | Lair:1   | Reached ****** piety under Trog
 12233 | Lair:1   | Identified a scroll of acquirement
 12530 | Lair:2   | Noticed a seven-headed hydra
 12535 | Lair:2   | Killed a four-headed hydra
 12809 | Lair:2   | Reached XP level 12. HP: 52/113 MP: 11/11
 12821 | Lair:2   | HP: 1/169 [yak (10)]
 12822 | Lair:2   | Succumbed to a spiny frog's poison

Skill      XL: |  1  2  3  4  5  6  7  8  9 10 11 |
---------------+----------------------------------+-----
Fighting       | 4 5 6 7 9 10 11 12 | 12.9
Axes           | 4 5 6 7 9 |  9.6
Slings         | 1 2 3 4 5 7 8 10 | 10.4
Armour         | 5 7 9 |  9.6
Long Blades    | 4 7 |  7.3
Crossbows      | 4 |  4.5
Shields        | 4 |  4.8
Dodging        | |  2.1

Action                   |  1- 3 |  4- 6 |  7- 9 | 10-12 || total
-------------------------+-------+-------+-------+-------++-------
Melee: Hand axe          |    55 |    58 |       |       ||   113
       Headbutt          |     4 |    12 |    33 |    54 ||   103
       War axe           |       |     4 |   124 |    14 ||   142
       Great sword       |       |       |       |    59 ||    59
       Scimitar          |       |       |       |   145 ||   145
 Fire: Hunting sling     |    21 |    45 |   102 |   120 ||   288
       Hand crossbow     |       |       |       |    46 ||    46
Invok: Berserk           |       |       |     5 |     5 ||    10
Evoke: Wand              |       |       |       |    14 ||    14
  Use: Potion            |     1 |     3 |     1 |     3 ||     8
       Scroll            |       |     5 |     3 |    11 ||    19
  Eat: Chunk             |     1 |     5 |    12 |    12 ||    30
       Ration            |       |       |     2 |     4 ||     6
Armor: Animal skin       |     3 |       |       |       ||     3
       Leather armour    |    13 |    19 |    14 |       ||    46
       Chain mail        |       |       |     8 |   109 ||   117
Dodge: Dodged            |    58 |    36 |    43 |   100 ||   237
       Deflected         |       |       |       |     6 ||     6
Block: Buckler           |     1 |     7 |    18 |    63 ||    89
       Other             |       |       |       |     7 ||     7
       Reflection        |       |       |       |     8 ||     8
       Rpst.: Great sword |       |       |       |    14 ||    14
       Scimitar          |       |       |       |     7 ||     7
